| TOP OF THE 1ST |
|
Detroit (APP) Tigers batting - Pitching for Pulaski Yankees : LHP Sergio Huerta
|
|
Pitching: LHP Sergio Huerta
|
|
|
Batting: RHB Kevin Steed
|
0-0: Called Strike 0-1: Ball 1-1: Ball 2-1: Ball 3-1: Foul Ball, location: 2F 3-2: Base on Balls
|
|
Batting: RHB Alex Duarte
|
0-0: Ball 1-0: Swinging Strike Passed Ball! Kevin Steed to second 1-1: SINGLE (Groundball, 25, EV 67.5 MPH) (infield hit) Kevin Steed to third
|
|
Batting: RHB Nate Dabney
|
0-0: Ball 1-0: Called Strike 1-1: Swinging Strike 1-2: Ball 2-2: Foul Ball, location: 2F 2-2: Strikes out swinging
|
|
Batting: RHB Jamie Villagrana
|
0-0: Ball 1-0: Ball 2-0: Ball 3-0: Base on Balls Alex Duarte to second
|
|
Batting: RHB Jorge Lebron
|
0-0: Fielders Choice at 2nd, 4-6 (Groundball, 4M, EV 96.2 MPH) Kevin Steed scores Alex Duarte to third
|
|
Batting: RHB Cody Kafer
|
0-0: Swinging Strike 0-1: Ball 1-1: Swinging Strike 1-2: Foul Ball, location: 2F 1-2: Strikes out swinging
|
| Top of the 1st over - 1 run, 1 hit, 0 errors, 2 left on base; Detroit (APP) 1 - Pulaski 0 |
| BOTTOM OF THE 1ST |
|
Pulaski Yankees batting - Pitching for Detroit (APP) Tigers : RHP Cam Hurley
|
|
Pitching: RHP Cam Hurley
|
|
|
Batting: LHB Dave Ortiz
|
0-0: Ball 1-0: Ball 2-0: Ball 3-0: Called Strike 3-1: SINGLE (Flyball, 78S, EV 95.6 MPH)
|
|
Batting: SHB Dylan Best
|
0-0: Called Strike 0-1: Ball 1-1: Ball 2-1: Ball 3-1: Swinging Strike 3-2: Foul Ball, location: 2F 3-2: DOUBLE (Line Drive, 9LD, EV 107.5 MPH) Dave Ortiz to third
|
|
Batting: RHB Ken Stair
|
0-0: Called Strike 0-1: Swinging Strike 0-2: Ball 1-2: Ball 2-2: Ball 3-2: Ground out 5-3 (Groundball, 56, EV 82.5 MPH) Dave Ortiz scores
|
|
Batting: RHB Victor Garcia
|
0-0: Foul Ball, location: 2F 0-1: Ball 1-1: Foul Ball, location: 2F 1-2: Ball 2-2: Strikes out looking
|
|
Batting: RHB Jim O'Dwyer
|
0-0: Ball 1-0: Foul Ball, location: 2F 1-1: Ball 2-1: Foul Ball, location: 2F 2-2: 2-RUN HOME RUN (Line Drive, 7D, EV 103.8 MPH), Distance : 394 ft
|
|
Batting: RHB Jonathan Feldstein
|
0-0: Foul Ball, location: 2F 0-1: Swinging Strike 0-2: Ball 1-2: Ball 2-2: Foul Ball, location: 2F 2-2: Ball 3-2: Strikes out swinging
|
| Bottom of the 1st over - 3 runs, 3 hits, 0 errors, 0 left on base; Detroit (APP) 1 - Pulaski 3 |
| TOP OF THE 2ND |
|
Detroit (APP) Tigers batting - Pitching for Pulaski Yankees : LHP Sergio Huerta
|
|
Batting: SHB Eisse Wijnja
|
0-0: Ball 1-0: Called Strike 1-1: Foul Ball, location: 2F 1-2: Ball 2-2: Strikes out swinging
|
|
Batting: RHB Peter Jones
|
0-0: Swinging Strike 0-1: Fly out, F6 (Line Drive, 6, EV 63.1 MPH)
|
|
Batting: RHB Rick Brinkmann
|
0-0: DOUBLE (Flyball, 89D, EV 100.0 MPH)
|
|
Batting: RHB Kevin Steed
|
0-0: Ball 1-0: Ball 2-0: Foul Ball, location: 2F 2-1: Ball 3-1: Fly out, F7 (Line Drive, 7S, EV 90.0 MPH)
|
| Top of the 2nd over - 0 runs, 1 hit, 0 errors, 1 left on base; Detroit (APP) 1 - Pulaski 3 |
| BOTTOM OF THE 2ND |
|
Pulaski Yankees batting - Pitching for Detroit (APP) Tigers : RHP Cam Hurley
|
|
Batting: RHB Bailey Hays
|
0-0: Called Strike 0-1: Ball 1-1: Reached on error, E6 (Groundball, 6, EV 81.9 MPH)
|
|
Batting: LHB Rip Log
|
0-0: Called Strike 0-1: Foul Ball, location: 2F 0-2: Ball 1-2: Strikes out swinging
|
|
Batting: RHB Juan Perez
|
0-0: Ball Bailey Hays is caught stealing 2nd base 2-4 1-0: Swinging Strike 1-1: Swinging Strike 1-2: Ball 2-2: Strikes out swinging
|
| Bottom of the 2nd over - 0 runs, 0 hits, 1 error, 0 left on base; Detroit (APP) 1 - Pulaski 3 |
| TOP OF THE 3RD |
|
Detroit (APP) Tigers batting - Pitching for Pulaski Yankees : LHP Sergio Huerta
|
|
Batting: RHB Alex Duarte
|
0-0: Called Strike 0-1: Ground out 4-3 (Groundball, 34, EV 108.1 MPH)
|
|
Batting: RHB Nate Dabney
|
0-0: Ball 1-0: Called Strike 1-1: Fly out, F8 (Flyball, 89M, EV 94.4 MPH)
|
|
Batting: RHB Jamie Villagrana
|
0-0: Hit by Pitch
|
|
Batting: RHB Jorge Lebron
|
0-0: Ball 1-0: Ball 2-0: Ball 3-0: Called Strike 3-1: Called Strike 3-2: Strikes out looking
|
| Top of the 3rd over - 0 runs, 0 hits, 0 errors, 1 left on base; Detroit (APP) 1 - Pulaski 3 |
| BOTTOM OF THE 3RD |
|
Pulaski Yankees batting - Pitching for Detroit (APP) Tigers : RHP Cam Hurley
|
|
Batting: LHB Dave Ortiz
|
0-0: Ball 1-0: Swinging Strike 1-1: Foul Ball, location: 2F 1-2: Strikes out swinging
|
|
Batting: SHB Dylan Best
|
0-0: Ground out U3 (Groundball, 3, EV 102.5 MPH)
|
|
Batting: RHB Ken Stair
|
0-0: Called Strike 0-1: Ball 1-1: Ball 2-1: Foul Ball, location: 2F 2-2: Ball 3-2: DOUBLE (Line Drive, 9LM, EV 103.1 MPH)
|
|
Batting: RHB Victor Garcia
|
0-0: Swinging Strike 0-1: Called Strike 0-2: 2-RUN HOME RUN (Line Drive, 8LXD, EV 111.9 MPH), Distance : 470 ft
|
|
Pitching: RHP Alvaro Patino
|
|
|
Batting: RHB Jim O'Dwyer
|
0-0: Ball 1-0: SINGLE (Line Drive, 3D, EV 95.0 MPH)
|
|
Batting: RHB Jonathan Feldstein
|
0-0: Ball 1-0: Ball 2-0: Ball 3-0: Called Strike 3-1: Foul Ball, location: 2F 3-2: DOUBLE (Line Drive, 7LD, EV 112.5 MPH) Jim O'Dwyer to third Jim O'Dwyer scores
|
|
Batting: RHB Bailey Hays
|
0-0: Fly out, F7 (Line Drive, 8LD, EV 85.6 MPH)
|
| Bottom of the 3rd over - 3 runs, 4 hits, 0 errors, 1 left on base; Detroit (APP) 1 - Pulaski 6 |
| TOP OF THE 4TH |
|
Detroit (APP) Tigers batting - Pitching for Pulaski Yankees : LHP Sergio Huerta
|
|
Batting: RHB Cody Kafer
|
0-0: Ball 1-0: Called Strike 1-1: Swinging Strike 1-2: SINGLE (Flyball, 78S, EV 100.6 MPH)
|
|
Batting: SHB Eisse Wijnja
|
0-0: Ball 1-0: Called Strike 1-1: Ball 2-1: Ball 3-1: Called Strike 3-2: Base on Balls Cody Kafer to second
|
|
Batting: RHB Peter Jones
|
0-0: Called Strike 0-1: Ball 1-1: Foul Ball, location: 2F 1-2: Strikes out swinging
|
|
Batting: RHB Rick Brinkmann
|
0-0: Ball 1-0: Ball 2-0: Called Strike 2-1: Swinging Strike 2-2: Fly out, F8 (Line Drive, 78D, EV 89.4 MPH)
|
|
Batting: RHB Kevin Steed
|
0-0: Ball 1-0: SINGLE (Line Drive, 89S, EV 98.1 MPH) Cody Kafer to third Eisse Wijnja to second
|
|
Batting: RHB Alex Duarte
|
0-0: Called Strike 0-1: Ball 1-1: Foul Ball, location: 2F 1-2: Ball 2-2: Ball 3-2: Strikes out swinging
|
| Top of the 4th over - 0 runs, 2 hits, 0 errors, 3 left on base; Detroit (APP) 1 - Pulaski 6 |
| BOTTOM OF THE 4TH |
|
Pulaski Yankees batting - Pitching for Detroit (APP) Tigers : RHP Alvaro Patino
|
|
Batting: LHB Rip Log
|
0-0: Foul Ball, location: 2F 0-1: Swinging Strike 0-2: Ball 1-2: Strikes out swinging
|
|
Batting: RHB Juan Perez
|
0-0: Ball 1-0: Called Strike 1-1: Foul Ball, location: 2F 1-2: Strikes out swinging
|
|
Batting: LHB Dave Ortiz
|
0-0: Ball 1-0: Called Strike 1-1: Fly out, F8 (Flyball, 8RXD, EV 100.6 MPH)
|
| Bottom of the 4th over - 0 runs, 0 hits, 0 errors, 0 left on base; Detroit (APP) 1 - Pulaski 6 |
| TOP OF THE 5TH |
|
Detroit (APP) Tigers batting - Pitching for Pulaski Yankees : LHP Sergio Huerta
|
|
Batting: RHB Nate Dabney
|
0-0: Swinging Strike 0-1: Ground out 6-3 (Groundball, 56, EV 103.8 MPH)
|
|
Batting: RHB Jamie Villagrana
|
0-0: SINGLE (Groundball, 5D, EV 98.1 MPH)
|
|
Batting: RHB Jorge Lebron
|
0-0: Foul Ball, location: 2F 0-1: Ball 1-1: Ball 2-1: Ball 3-1: Base on Balls Jamie Villagrana to second
|
|
Batting: RHB Cody Kafer
|
0-0: Ball Wild Pitch! Jamie Villagrana to third Jorge Lebron to second 1-0: Ball 2-0: Foul Ball, location: 2F 2-1: Ball 3-1: Base on Balls
|
|
Pitching: LHP Jordan Medina
|
|
|
Batting: SHB Eisse Wijnja
|
0-0: Swinging Strike 0-1: Ball 1-1: Foul Ball, location: 2F 1-2: Ball 2-2: Foul Ball, location: 2F 2-2: Ball 3-2: Strikes out swinging
|
|
Batting: RHB Peter Jones
|
0-0: Swinging Strike 0-1: Swinging Strike 0-2: Ball 1-2: Strikes out swinging
|
| Top of the 5th over - 0 runs, 1 hit, 0 errors, 3 left on base; Detroit (APP) 1 - Pulaski 6 |
| BOTTOM OF THE 5TH |
|
Pulaski Yankees batting - Pitching for Detroit (APP) Tigers : RHP Alvaro Patino
|
|
Batting: SHB Dylan Best
|
0-0: Called Strike 0-1: Foul Ball, location: 2F 0-2: Ball 1-2: Foul Ball, location: 2F 1-2: Ball 2-2: Foul Ball, location: 2F 2-2: Foul Ball, location: 2F 2-2: Strikes out swinging
|
|
Batting: RHB Ken Stair
|
0-0: Ground out 2-3 (Groundball, 13S, EV 76.2 MPH)
|
|
Batting: RHB Victor Garcia
|
0-0: Ball 1-0: Ball 2-0: Swinging Strike 2-1: Called Strike 2-2: Strikes out swinging
|
| Bottom of the 5th over - 0 runs, 0 hits, 0 errors, 0 left on base; Detroit (APP) 1 - Pulaski 6 |
| TOP OF THE 6TH |
|
Detroit (APP) Tigers batting - Pitching for Pulaski Yankees : LHP Jordan Medina
|
|
Batting: RHB Rick Brinkmann
|
0-0: Called Strike 0-1: Foul Ball, location: 2F 0-2: Ball 1-2: Strikes out swinging passed ball, reaches first!
|
|
Batting: RHB Kevin Steed
|
0-0: Ball 1-0: Called Strike 1-1: Foul Ball, location: 2F 1-2: Ball 2-2: Fielders Choice at 2nd, 4-6 (Groundball, 4, EV 88.1 MPH)
|
|
Batting: RHB Alex Duarte
|
0-0: Ball 1-0: Ball 2-0: Called Strike 2-1: Ball 3-1: Foul Ball, location: 2F 3-2: Strikes out swinging
|
|
Pitching: RHP Jose Palacio
|
|
|
Batting: RHB Nate Dabney
|
0-0: Called Strike 0-1: Ball 1-1: Called Strike 1-2: DOUBLE (Line Drive, 89D, EV 110.6 MPH) Kevin Steed to third Runner from 3rd tries for Home, SAFE, throw by RF to trailing runner, SAFE at third!
|
|
Batting: RHB Jamie Villagrana
|
0-0: Ball 1-0: Ball 2-0: Swinging Strike 2-1: Foul Ball, location: 2F 2-2: Ball 3-2: Base on Balls
|
|
Batting: RHB Jorge Lebron
|
0-0: Called Strike 0-1: Ball 1-1: Ball 2-1: Ball 3-1: Swinging Strike 3-2: Foul Ball, location: 2F 3-2: Strikes out swinging
|
| Top of the 6th over - 1 run, 1 hit, 0 errors, 2 left on base; Detroit (APP) 2 - Pulaski 6 |
| BOTTOM OF THE 6TH |
|
Pulaski Yankees batting - Pitching for Detroit (APP) Tigers : RHP Alvaro Patino
|
|
Pitching: RHP Victor Altagracia
|
|
|
Batting: RHB Jim O'Dwyer
|
0-0: Ball 1-0: Foul Ball, location: 2F 1-1: Ball 2-1: Ball 3-1: Called Strike 3-2: Base on Balls
|
|
Batting: RHB Jonathan Feldstein
|
0-0: Called Strike 0-1: Ball 1-1: Swinging Strike 1-2: Fly out, F9 (Flyball, 89S, EV 95.0 MPH)
|
|
Batting: RHB Bailey Hays
|
0-0: Foul Ball, location: 2F 0-1: Ball 1-1: Fly out, F4 (Line Drive, 4, EV 70.0 MPH)
|
|
Batting: LHB Rip Log
|
0-0: Called Strike 0-1: Foul Ball, location: 2F 0-2: Hit by Pitch Jim O'Dwyer to second
|
|
Batting: RHB Juan Perez
|
0-0: Called Strike 0-1: Fly out, F7 (Flyball, 78M, EV 81.9 MPH)
|
| Bottom of the 6th over - 0 runs, 0 hits, 0 errors, 2 left on base; Detroit (APP) 2 - Pulaski 6 |
| TOP OF THE 7TH |
|
Detroit (APP) Tigers batting - Pitching for Pulaski Yankees : RHP Jose Palacio
|
|
Batting: RHB Cody Kafer
|
0-0: Fly out, F9 (Flyball, 9LS, EV 86.9 MPH)
|
|
Batting: SHB Eisse Wijnja
|
0-0: Ball 1-0: Ball 2-0: Reached on error, E2 (Groundball, 2R, EV 69.4 MPH)
|
|
Batting: RHB Peter Jones
|
0-0: Swinging Strike 0-1: Ball 1-1: Called Strike 1-2: Strikes out swinging
|
|
Batting: RHB Rick Brinkmann
|
0-0: Swinging Strike 0-1: Foul Ball, location: 2F 0-2: Ball 1-2: Ball 2-2: Foul Ball, location: 2F 2-2: 2-RUN HOME RUN (Line Drive, 89XD, EV 107.5 MPH), Distance : 411 ft
|
|
Batting: RHB Kevin Steed
|
0-0: Ball 1-0: Called Strike 1-1: Ground out 6-3 (Groundball, 6S, EV 85.6 MPH)
|
| Top of the 7th over - 2 runs, 1 hit, 1 error, 0 left on base; Detroit (APP) 4 - Pulaski 6 |
| BOTTOM OF THE 7TH |
|
Pulaski Yankees batting - Pitching for Detroit (APP) Tigers : RHP Victor Altagracia
|
|
Batting: LHB Dave Ortiz
|
0-0: Swinging Strike 0-1: Ball 1-1: Called Strike 1-2: Fly out, F6 (Popup, 6M, EV 61.2 MPH)
|
|
Batting: SHB Dylan Best
|
0-0: Ball 1-0: Foul Ball, location: 2F 1-1: Ball 2-1: Ball 3-1: Called Strike 3-2: Fly out, F9 (Flyball, 89M, EV 81.2 MPH)
|
|
Pitching: RHP Marshall Laurence
|
|
|
Batting: RHB Ken Stair
|
0-0: Ground out 6-3 (Groundball, 6, EV 87.5 MPH)
|
| Bottom of the 7th over - 0 runs, 0 hits, 0 errors, 0 left on base; Detroit (APP) 4 - Pulaski 6 |
| TOP OF THE 8TH |
|
Detroit (APP) Tigers batting - Pitching for Pulaski Yankees : RHP Jose Palacio
|
|
Now in CF: Troy Jones
|
|
|
Now in RF: Victor Reyna
|
|
|
Batting: RHB Alex Duarte
|
0-0: Called Strike 0-1: Ball 1-1: Swinging Strike 1-2: Ball 2-2: Strikes out swinging
|
|
Pinch Hitting: LHB Brad Gaskill
|
0-0: Ball 1-0: Ball 2-0: SOLO HOME RUN (Flyball, 9D, EV 97.5 MPH), Distance : 382 ft
|
|
Batting: RHB Jamie Villagrana
|
0-0: Ball 1-0: Ball 2-0: Ball 3-0: Called Strike 3-1: SOLO HOME RUN (Flyball, 78XD, EV 109.4 MPH), Distance : 432 ft
|
|
Pitching: RHP Alex Roman
|
|
|
Batting: RHB Jorge Lebron
|
0-0: Ball 1-0: Foul Ball, location: 2F 1-1: Swinging Strike 1-2: Ball 2-2: Foul Ball, location: 2F 2-2: Ball 3-2: Strikes out swinging
|
|
Batting: RHB Cody Kafer
|
0-0: Ball 1-0: Called Strike 1-1: Fly out, F7 (Flyball, 7, EV 85.6 MPH)
|
| Top of the 8th over - 2 runs, 2 hits, 0 errors, 0 left on base; Detroit (APP) 6 - Pulaski 6 |
| BOTTOM OF THE 8TH |
|
Pulaski Yankees batting - Pitching for Detroit (APP) Tigers : RHP Marshall Laurence
|
|
Now in RF: John Barton
|
|
|
Pinch Hitting: RHB Paul Ngumi
|
0-0: Ball 1-0: Called Strike 1-1: Swinging Strike 1-2: Foul Ball, location: 2F 1-2: Strikes out swinging
|
|
Pinch Hitting: LHB Chris Viehman
|
0-0: Ball 1-0: Ball 2-0: Ball 3-0: Called Strike 3-1: Base on Balls
|
|
Pinch Hitting: RHB Yasuoka Tsuda
|
0-0: Ball Passed Ball! Chris Viehman to second 1-0: Intentional Walk
|
|
Batting: RHB Bailey Hays
|
0-0: Called Strike 0-1: Ball 1-1: Called Strike 1-2: Strikes out swinging
|
|
Batting: LHB Troy Jones
|
0-0: 3-RUN HOME RUN (Flyball, 9D, EV 100.6 MPH), Distance : 399 ft
|
|
Pitching: RHP Edwin Torres
|
|
|
Batting: RHB Juan Perez
|
0-0: SINGLE (Groundball, 6S, EV 67.5 MPH) (infield hit)
|
|
Batting: LHB Dave Ortiz
|
0-0: Called Strike 0-1: Ball 1-1: Fly out, F8 (Line Drive, 8RM, EV 87.5 MPH)
|
| Bottom of the 8th over - 3 runs, 2 hits, 0 errors, 1 left on base; Detroit (APP) 6 - Pulaski 9 |
| TOP OF THE 9TH |
|
Detroit (APP) Tigers batting - Pitching for Pulaski Yankees : RHP Alex Roman
|
|
Now at 1B: Chris Viehman
|
|
|
Now at 2B: Edwin Sierra
|
|
|
Now at 3B: Jose Villanueva
|
|
|
Now at SS: Juan Perez
|
|
|
Batting: SHB Eisse Wijnja
|
0-0: Ball 1-0: Ball 2-0: Ball 3-0: SINGLE (Line Drive, 6D, EV 95.0 MPH)
|
|
Pinch Hitting: LHB Glen Boyle
|
0-0: Called Strike 0-1: Called Strike 0-2: Ball 1-2: Ball 2-2: Foul Ball, location: 2F 2-2: Ball Passed Ball! Eisse Wijnja to second 3-2: SINGLE (Line Drive, 8RS, EV 103.8 MPH) Eisse Wijnja to third
|
|
Pinch Hitting: RHB Khalil Coleman
|
0-0: Ball 1-0: Ball 2-0: Ball 3-0: Called Strike 3-1: Called Strike 3-2: Fly out, F8 (Flyball, 8LM, EV 98.8 MPH)
|
|
Batting: RHB Kevin Steed
|
0-0: SINGLE (Groundball, 56, EV 95.0 MPH) Eisse Wijnja scores Glen Boyle to second
|
|
Pinch Hitting: RHB Willie Ochoa
|
0-0: DOUBLE (Groundball, 5L, EV 96.9 MPH) Glen Boyle scores Kevin Steed to third Runner from 3rd tries for Home, SAFE, throw by LF to trailing runner, SAFE at third!
|
|
Batting: RHB John Barton
|
0-0: SINGLE (Groundball, 4MD, EV 97.5 MPH) Willie Ochoa scores
|
|
Pitching: RHP Mauricio Zambrana
|
|
|
Batting: RHB Jamie Villagrana
|
0-0: Ball 1-0: Ball 2-0: Ball 3-0: Base on Balls John Barton to second
|
|
Batting: RHB Jorge Lebron
|
0-0: SINGLE (Line Drive, 7S, EV 106.9 MPH) John Barton to third Jamie Villagrana to second
|
|
Batting: RHB Cody Kafer
|
0-0: TRIPLE (Groundball, 3L, EV 109.4 MPH) John Barton scores Jamie Villagrana scores Jorge Lebron scores
|
|
Batting: SHB Eisse Wijnja
|
0-0: Ball 1-0: Called Strike 1-1: Hit by Pitch
|
|
Batting: LHB Glen Boyle
|
0-0: Called Strike 0-1: SINGLE (Groundball, 4MD, EV 102.5 MPH) Cody Kafer scores Eisse Wijnja to second
|
|
Batting: RHB Khalil Coleman
|
0-0: Swinging Strike 0-1: Ball 1-1: Ball 2-1: Grounds into double play, 6-4-3 (Groundball, 6, EV 85.0 MPH)
|
| Top of the 9th over - 8 runs, 8 hits, 0 errors, 1 left on base; Detroit (APP) 14 - Pulaski 9 |
| BOTTOM OF THE 9TH |
|
Pulaski Yankees batting - Pitching for Detroit (APP) Tigers : RHP Edwin Torres
|
|
Now at C: Tony Murray
|
|
|
Now at 2B: Willie Ochoa
|
|
|
Now at 3B: Glen Boyle
|
|
|
Batting: LHB Victor Reyna
|
0-0: Foul Ball, location: 2F 0-1: Foul Ball, location: 2F 0-2: Foul Ball, location: 2F 0-2: Foul Ball, location: 2F 0-2: Ball 1-2: Foul Ball, location: 2F 1-2: Foul Ball, location: 2F 1-2: Ground out 1-3 (Groundball, 15S, EV 67.5 MPH)
|
|
Batting: RHB Ken Stair
|
0-0: Called Strike 0-1: Ball 1-1: Foul Ball, location: 2F 1-2: Ball 2-2: Ball 3-2: Base on Balls
|
|
Batting: RHB Jose Villanueva
|
0-0: Called Strike 0-1: Called Strike 0-2: Ball 1-2: DOUBLE (Line Drive, 9LS, EV 106.9 MPH) Ken Stair to third
|
|
Batting: LHB Chris Viehman
|
0-0: Called Strike 0-1: Swinging Strike 0-2: Ball 1-2: Ground out 5-3 (Groundball, 56, EV 103.8 MPH) Ken Stair scores
|
|
Pitching: RHP Alvaro de la Paz
|
|
|
Batting: RHB Edwin Sierra
|
0-0: Ball 1-0: Swinging Strike 1-1: Foul Ball, location: 2F 1-2: Ball 2-2: Strikes out swinging, 2-3 out at first.
|
| Bottom of the 9th over - 1 run, 1 hit, 0 errors, 1 left on base; Detroit (APP) 14 - Pulaski 10 |
|